 Dungeon Crawl Stone Soup version 0.21-a0-221-gfe971b9 (webtiles) character file.

18 Stormphoenix the Insei (level 2, 23/24 HPs)
             Began as a Demonspawn Monk on Aug 25, 2017.
             Quit the game on level 1 of the Dungeon.
             The game lasted 00:01:53 (833 turns).

Stormphoenix the Insei (Demonspawn Monk)             Turns: 833, Time: 00:01:54

Health: 23/24      AC:  6    Str: 11    XL:     2   Next: 51%
Magic:  2/2        EV: 13    Int: 11    God:
Gold:   61         SH:  0    Dex: 15    Spells: 1/1 levels left

rFire    . . .     SeeInvis .     - Unarmed
rCold    . . .     Gourm    .   (no shield)
rNeg     . . .     Faith    .   a - +1 robe
rPois    .         Spirit   .   (no helmet)
rElec    .         Reflect  .   (no cloak)
rCorr    .         Harm     .   l - +0 pair of gloves
MR       .....                  (no boots)
Stlth    ++........             (no amulet)
HPRegen  0.08/turn              (no ring)
MPRegen  0.08/turn              (no ring)

@: no status effects
A: icy blue scales 1
a: no special abilities


You were on level 1 of the Dungeon.
You were not hungry.

You visited 1 branch of the dungeon, and saw 1 of its levels.

You collected 61 gold pieces.

Inventory:

Armour
 a - a +1 robe (worn)
 l - a +0 pair of gloves (worn)
Scrolls
 f - 2 scrolls of identify {unknown}
 h - 2 scrolls of remove curse {unknown}
 i - a scroll of teleportation {unknown}
Potions
 e - 2 potions of berserk rage {unknown}
 j - a potion of mutation {unknown}
 k - a potion of brilliance {unknown}
 m - a potion of haste {unknown}
Comestibles
 b - a bread ration
 c - 2 royal jellies
 g - a chunk of flesh


   Skills:
 - Level 3.0 Fighting
 - Level 2.6 Dodging
 - Level 1.7 Stealth
 + Level 3.5 Unarmed Combat


You had one spell level left.
You didn't know any spells.

Dungeon Overview and Level Annotations

Branches:
Dungeon (1/15)

Altars:


Innate Abilities, Weirdness & Mutations

You are partially covered in icy blue scales. (AC +2)


Message History

A hobgoblin comes into view.
The hobgoblin shouts!
The hobgoblin closely misses you.
You hit the hobgoblin.
The hobgoblin is almost dead.
The hobgoblin hits you.
You hit the hobgoblin.
You kill the hobgoblin!
Found a stone staircase leading down.
There is a stone staircase leading down here.
Partly explored, can't reach some places.
Partly explored, can't reach some places.
Partly explored, can't reach some places.
Partly explored, can't reach some places.
Partly explored, can't reach some places.
As you read the scroll labeled UTONAH MIKAGAT, it crumbles to dust.
It is a scroll of enchant armour.
Your +0 robe glows green for a moment.
Okay, then.
Are you sure you want to abandon this character and quit the game? (Confirm with "yes".)

# #.# #.##)#
#.###.#### # #.#
#.##.# #.# #.# #
#.# #.##.# #.# #.#
# #.#
#.##.####.###.####
# #.#
#.##.#........##..
######## #.#
#.##.#.#####..##.#
.......# #.#
#.##.#.# #...#.#
######.####.#
#.##>..# #.....#
#......# #@####.#
#...### ########
#...>..#####..####
######............
#############


There were no monsters in sight!

Vanquished Creatures
  2 leopard geckos (D:1)
  2 bats (D:1)
  3 goblins (D:1)
  2 hobgoblins (D:1)
  2 kobolds (D:1)
  A frilled lizard (D:1)
  3 rats (D:1)
15 creatures vanquished.

Notes
Turn   | Place    | Note
-------+----------+-------------------------------------------
     0 | D:1      | Stormphoenix the Demonspawn Monk began the quest for the Orb.
     0 | D:1      | Reached XP level 1. HP: 18/18 MP: 1/1
   240 | D:1      | Gained mutation: You are partially covered in icy blue scales. (AC +2) [demonic ancestry]
   240 | D:1      | Reached XP level 2. HP: 13/24 MP: 2/2
   833 | D:1      | Quit the game

Vault maps used:
D:1:      eino_arrival_cavern_b, palyth_stone_intersect

Skill      XL: |  1 |
---------------+----+-----
Unarmed Combat | 3 |  3.5
Fighting       | |  3.0
Dodging        | |  2.6
Stealth        | |  1.7

Action                   || total
-------------------------++-------
Melee: Unarmed           ||    41
  Use: Scroll            ||     1
 Stab: Sleeping          ||     2
Armor: Robe              ||    11
Dodge: Dodged            ||    29

Table legend:
 A = Spawn XP
 B = Non-spawn XP
 C = Spawn XP percentage of total XP
 D = Spawn monster count
 E = Non-spawn monster count
 F = Spawn count percentage of total count
 G = Total turns spent on level
                    A         B        C        D         E        F      G
               +---------+---------+-------+---------+---------+-------+---------
         Total |       5 |      22 |  18.5 |       2 |      13 |  13.3 |   833
               +---------+---------+-------+---------+---------+-------+---------
           D:1 |       5 |      22 |  18.5 |       2 |      13 |  13.3 |   833
               +---------+---------+-------+---------+---------+-------+---------
